Map: Eternal Empire LE

Players

ShoWTimE - Winner!

  • Race: Protoss Protoss
  • Spawn Location: 7:00

INnoVation

  • Race: Terran Terran
  • Spawn Location: 1:00

Event: StayAtHomestory Cup #2

VOD

Have the link to the VOD?

Description

Time

  • Played on: June 13, 2020, 6:01 a.m.
  • Length: 32:42

All games in this series

Show
View Real Time Build Order
Export as new Build Order

ShoWTimE Protoss - Winner!

Build Orders: 1 Gate Expand, Carriers 

Get SALT Encoding   

  12  0:00  Probe  
  13  0:12  Probe  
  14  0:17  Pylon  
  14  0:24  Probe  
  15  0:32  Probe  
  15  0:37  Gateway  
  15  0:40  Probe  
  16  0:46  Assimilator  
  17  0:51  Probe  
  18  1:03  Probe  
  19  1:15  Probe  
  20  1:24  Cybernetics Core  
  20  1:33  Nexus  
  20  1:36  Probe  
  21  1:42  Pylon  
  20  1:48  Probe  
  20  1:51  Adept, Assimilator  
  21  2:00  Probe  
  24  2:02  Warp Gate  
  24  2:12  Probe, Stalker  
  27  2:24  Probe  
  28  2:34  Robotics Facility  
  28  2:36  Probe  
  29  2:40  Stalker  
  29  2:42  Probe  
  31  2:48  Probe  
  31  2:50  Probe  
  34  3:00  Probe x2  
  36  3:06  Gateway  
  36  3:12  Probe  
  37  3:13  Probe  
  38  3:24  Probe  
  38  3:25  Probe  
  38  3:26  Observer  
  41  3:27  Robotics Bay  
  41  3:36  Probe  
  41  3:37  Probe  
  43  3:43  Gateway  
  43  3:48  Probe  
  43  3:49  Probe  
  45  3:56  Shield Battery  
  45  4:00  Assimilator  
  45  4:02  Pylon  
  46  4:04  Assimilator  
  46  4:07  Probe  
  46  4:11  Warp Prism  
  46  4:12  Pylon  
  46  4:20  Probe, Stalker x2  
  46  4:22  Probe  
  47  4:32  Probe  
  47  4:33  Gravitic Drive  
  47  4:34  Probe  
  49  4:42  Sentry, Disruptor  
  49  4:44  Probe  
  52  4:46  Probe  
  56  4:54  Probe  
  56  4:58  Probe  
  58  5:00  Gateway  
  58  5:02  Probe  
  58  5:03  Gateway  
  58  5:10  Probe x2  
  58  5:12  Observer  
  59  5:16  Shield Battery  
  61  5:22  Probe  
  61  5:25  Pylon  
  62  5:31  Phoenix  
  62  5:33  Twilight Council  
  62  5:40  Pylon  
  62  5:41  Pylon  
  62  5:43  Probe x2, Disruptor  
  67  5:52  Nexus  
  67  5:55  Probe x2  
  69  6:01  Pylon  
  69  6:02  Sentry, Stalker  
  73  6:07  Probe x2  
  75  6:19  Probe  
  75  6:23  Probe, Shield Battery  
  77  6:26  Observer  
  77  6:30  Probe  
  77  6:31  Probe  
  78  6:34  Forge, Charge  
  78  6:35  Forge  
  78  6:38  Probe  
  78  6:39  Probe  
  80  6:44  Stargate  
  82  6:48  Probe  
  82  6:49  Protoss Ground Weapons Level 1  
  82  6:50  Probe  
  82  6:52  Protoss Ground Armor Level 1  
  84  6:55  Assimilator  
  84  6:58  Assimilator  
  84  7:00  Probe, Pylon  
  84  7:02  Probe  
  84  7:08  Immortal  
  89  7:10  Probe  
  89  7:13  Probe  
  89  7:14  Probe  
  92  7:16  Stalker  
  94  7:23  Probe  
  94  7:25  Probe, Stalker  
  94  7:29  Phoenix  
  100  7:30  Gravitic Boosters  
  100  7:31  Probe  
  100  7:35  Probe  
  102  7:39  Gateway  
  102  7:42  Probe  
  103  7:54  Phoenix  
  105  7:59  Templar Archives  
  105  8:04  Gateway  
  104  8:07  Probe x2  
  104  8:09  Probe  
  97  8:15  Immortal  
  97  8:19  Probe x2, Phoenix  
  101  8:21  Probe  
  106  8:30  Blink  
  106  8:31  Probe x2  
  106  8:33  Probe  
  107  8:39  Photon Cannon  
  107  8:43  Probe x2  
  107  8:45  Probe  
  110  8:49  Pylon  
  110  8:50  Pylon  
  110  8:52  High Templar  
  110  8:53  High Templar  
  114  8:55  Pylon  
  114  8:57  Pylon  
  114  8:58  Archon  
  114  8:59  Nexus  
  114  9:02  Pylon  
  114  9:07  Immortal  
  114  9:09  Protoss Ground Weapons Level 2, Protoss Ground Armor Level 2  
  118  9:16  Phoenix  
  120  9:21  Zealot x5  
  120  9:23  Probe  
  120  9:24  Probe x2  
  133  9:32  Pylon  
  133  9:36  Stalker x2  
  137  9:40  Immortal, Pylon  
  136  9:47  Probe  
  136  9:48  Probe x2  
  143  9:58  Shield Battery  
  143  9:59  Probe  
  144  10:01  High Templar x6  
  144  10:02  Zealot  
  144  10:06  Archon x2  
  156  10:07  Pylon  
  156  10:14  Probe x2  
  156  10:15  Probe  
  156  10:21  Immortal, Pylon  
  162  10:29  Zealot  
  162  10:32  Probe x2  
  162  10:34  Probe, Zealot  
  162  10:35  Zealot x4  
  170  10:36  Probe  
  170  10:38  Psionic Storm  
  169  10:43  Zealot  
  169  10:44  Probe x2  
  169  10:46  Probe  
  174  10:53  Observer, Photon Cannon  
  174  10:54  Probe  
  174  10:55  High Templar x2  
  174  10:56  High Templar, Assimilator  
  181  10:58  Probe  
  181  11:00  High Templar  
  184  11:09  Immortal  
  184  11:13  Photon Cannon  
  184  11:17  Photon Cannon  
  184  11:19  Assimilator  
  188  11:26  High Templar x2  
  188  11:30  Pylon, Zealot x4  
  188  11:32  Archon  
  200  11:38  Protoss Ground Weapons Level 3, Stalker  
  187  11:52  Probe  
  184  11:54  Gateway, Stalker x3  
  184  11:56  Probe x2  
  184  11:59  Probe  
  184  12:00  Gateway  
  193  12:02  Protoss Ground Armor Level 3  
  193  12:04  Probe  
  192  12:08  Probe x2  
  192  12:12  Probe  
  195  12:16  Probe  
  195  12:19  Nexus  
  195  12:20  Probe  
  197  12:32  Stalker x5  
  183  12:44  Stalker x2  
  181  12:54  Warp Prism  
  181  12:55  Protoss Air Weapons Level 1  
  181  13:04  Fleet Beacon  
  181  13:05  Photon Cannon  
  181  13:06  Stargate  
  181  13:07  Probe x3  
  181  13:08  Stargate, Photon Cannon  
  184  13:17  Probe  
  184  13:19  Probe x3  
  188  13:26  Zealot x6  
  196  13:29  Probe  
  196  13:33  Stalker  
  175  13:43  Stalker x2  
  175  13:45  Unknown  
  179  13:49  Zealot x5  
  179  13:50  Pylon  
  187  13:56  Carrier  
  187  13:57  Observer  
  187  13:58  Carrier  
  199  14:21  Photon Cannon  
  199  14:23  Photon Cannon, Shield Battery  
  188  14:43  Zealot x2  
  188  14:44  Zealot x4  
  200  14:50  Zealot  
  196  14:55  Carrier  
  196  14:57  Zealot x2  
  190  15:00  Carrier  
  192  15:16  Nexus, Protoss Shields Level 1  
  192  15:17  Protoss Air Weapons Level 2, Pylon  
  188  15:26  Pylon  
  188  15:29  High Templar x2  
  188  15:44  Probe x2  
  190  15:53  Stargate  
  190  15:56  Stargate  
  184  15:59  Carrier  
  184  16:00  Zealot x6  
  184  16:01  Zealot  
  193  16:12  Stalker x2  
  193  16:15  Carrier  
  193  16:16  Observer  
  186  16:22  Photon Cannon  
  192  16:25  Photon Cannon  
  192  16:32  Assimilator  
  192  16:34  High Templar x2, Zealot x2  
  192  16:36  Assimilator  
  200  16:56  Robotics Facility  
  199  17:08  Nexus  
  198  17:19  Archon  
  198  17:20  Stalker  
  182  17:54  Protoss Shields Level 2  
  182  17:55  Zealot x9  
  200  18:05  Nexus  
  200  18:09  Protoss Air Weapons Level 3  
  200  18:32  Pylon  
  200  18:34  Pylon  
  200  18:37  Robotics Facility  
  200  18:39  Robotics Facility  
  200  18:53  Photon Cannon  
  198  18:57  Photon Cannon  
  198  18:59  Photon Cannon  
  198  19:01  Photon Cannon  
  198  19:02  Pylon  
  196  19:04  Assimilator  
  196  19:05  Disruptor  
  199  19:10  Assimilator  
  199  19:14  Nexus  
  199  19:15  Pylon  
  193  19:22  Disruptor  
  193  19:24  Dark Shrine  
  188  19:42  Zealot x3  
  188  19:43  Zealot x3  
  195  20:08  Disruptor  
  198  20:15  Nexus  
  198  20:18  Pylon  
  198  20:31  Zealot x4  
  200  20:39  Dark Templar  
  196  20:44  Dark Templar x2  
  196  20:57  Disruptor  
  196  21:03  Disruptor  
  195  21:04  Disruptor  
  195  21:11  Protoss Shields Level 3  
  198  21:21  Unknown  
  198  21:24  Nexus  
  194  21:29  Carrier  
  200  21:37  Protoss Air Armor Level 1  
  176  22:12  Nexus  
  176  22:17  Zealot x5  
  176  22:18  Zealot x4  
  190  22:31  Carrier  
  189  22:39  Zealot x6  
  189  22:41  Probe x2  
  198  22:58  Disruptor x2, Zealot x3  
  177  23:00  Disruptor  
  177  23:01  Disruptor  
  192  23:05  Zealot x5  
  174  23:26  Disruptor  
  174  23:30  Zealot x9  
  195  23:34  Probe  
  195  23:35  Probe x4  
  200  24:03  Shield Battery  
  200  24:04  Photon Cannon  
  200  24:15  Observer  
  182  24:25  Dark Templar  
  182  24:31  Assimilator  
  182  24:36  Observer, Tempest  
  197  24:43  Tempest x2  
  197  24:44  Tempest  
  197  24:45  Shield Battery  
  197  24:50  Photon Cannon  
  195  24:54  Zealot x2  
  199  25:00  Observer  
  184  25:39  Stalker x4  
  184  25:41  Dark Templar x4  
  200  25:46  Carrier  
  192  26:03  Nexus  
  174  26:19  Disruptor x4  
  180  26:36  Nexus  
  180  26:55  Carrier x2  
  180  26:58  Carrier  
  192  27:18  Nexus  
  190  27:23  Nexus  
  190  27:24  Nexus  
  187  27:39  Nexus, Pylon  
  187  27:41  Pylon  
  187  27:43  Pylon  
  187  27:44  Pylon  
  187  27:56  Pylon  
  187  27:58  Pylon  
  187  27:59  Carrier  
  193  28:14  Pylon  
  174  29:50  Observer x2  
  176  29:52  High Templar  
  176  29:53  High Templar x2  
  182  30:17  High Templar  
  175  30:45  High Templar  
  175  30:46  High Templar x7  
  187  30:50  Probe x3  
  187  30:51  Archon x4, Unknown  
  187  30:55  Probe  
  191  31:02  Probe x2  
  193  31:07  Probe  
  194  31:21  Probe x3, Zealot  
  194  31:22  Pylon  
  199  31:41  Nexus  
  183  32:02  Zealot x6  
  182  32:23  Zealot x6  
Show
View Real Time Build Order
Export as new Build Order

INnoVation Terran 

Build Orders: Mech, Banshee Rush 

Get SALT Encoding   

  12  0:00  SCV  
  13  0:12  SCV  
  14  0:17  Supply Depot  
  14  0:25  SCV  
  15  0:38  SCV  
  15  0:39  Barracks  
  16  0:43  Refinery  
  16  0:51  SCV  
  17  1:03  SCV  
  18  1:15  SCV  
  19  1:26  Marine  
  19  1:27  Orbital Command  
  20  1:43  Command Center  
  20  1:46  Barracks Reactor  
  20  1:53  SCV  
  21  1:56  Supply Depot  
  21  2:05  SCV  
  22  2:09  Factory  
  22  2:15  Refinery  
  22  2:17  SCV  
  23  2:23  Marine x2  
  23  2:29  SCV  
  26  2:40  Marine  
  26  2:41  SCV, Marine  
  29  2:53  Starport  
  29  2:54  SCV  
  29  2:57  Orbital Command  
  30  3:07  Hellion x2  
  30  3:10  Barracks Tech Lab  
  34  3:14  SCV  
  35  3:29  Hellion x2  
  35  3:33  SCV x2  
  40  3:36  Banshee  
  40  3:37  Cloaking Field  
  43  3:42  Supply Depot  
  43  3:53  SCV x2  
  42  3:57  Marine x2, Factory Tech Lab  
  44  4:04  Supply Depot  
  44  4:05  SCV x2  
  46  4:14  Marine  
  46  4:15  Marine  
  46  4:16  Siege Tank  
  51  4:18  SCV x2  
  53  4:25  Banshee  
  50  4:32  Marine x2  
  50  4:33  SCV x2  
  52  4:41  Refinery  
  52  4:42  Refinery  
  52  4:45  Command Center  
  52  4:46  SCV x2  
  52  4:50  Supply Depot  
  54  4:53  Siege Tank  
  54  4:58  SCV x2  
  59  5:00  Marine x2  
  61  5:10  SCV  
  61  5:11  SCV, Banshee  
  61  5:13  Supply Depot  
  66  5:23  SCV  
  66  5:24  SCV  
  66  5:27  Factory  
  68  5:32  Supply Depot  
  68  5:35  SCV, Siege Tank  
  72  5:36  SCV  
  72  5:39  Factory  
  72  5:40  Supply Depot  
  69  5:53  SCV x2  
  69  5:54  Viking  
  69  5:55  Hyperflight Rotors  
  73  5:58  Orbital Command  
  73  6:05  SCV x2  
  75  6:14  Siege Tank  
  75  6:17  SCV  
  75  6:18  SCV  
  75  6:19  Orbital Command  
  75  6:29  Banshee  
  78  6:33  SCV x2  
  78  6:34  Factory Tech Lab  
  80  6:43  Supply Depot  
  80  6:45  SCV x3  
  80  6:46  Armory x2  
  83  6:50  Siege Tank  
  86  6:57  SCV x3  
  89  7:09  SCV x3  
  89  7:11  Refinery x2  
  89  7:14  Banshee  
  95  7:17  Engineering Bay  
  95  7:20  Hellion x2, Siege Tank  
  95  7:22  SCV x3  
  105  7:24  Siege Tank  
  105  7:26  Supply Depot  
  105  7:27  Supply Depot  
  105  7:28  Supply Depot  
  108  7:35  SCV  
  108  7:36  SCV x2  
  111  7:37  Terran Vehicle Weapons Level 1  
  111  7:38  Terran Vehicle And Ship Armor Level 1  
  111  7:49  SCV x3  
  114  7:54  Supply Depot  
  114  7:57  Siege Tank x2  
  120  8:01  SCV x3  
  120  8:03  Missile Turret x2  
  126  8:13  SCV x3  
  123  8:21  Factory, Barracks Reactor  
  123  8:24  Factory  
  123  8:25  SCV x2  
  123  8:26  SCV  
  123  8:28  Mag-Field Accelerator  
  123  8:29  Command Center  
  123  8:30  Infernal Pre-Igniter  
  123  8:34  Hellion x2  
  130  8:49  Starport Reactor  
  130  8:51  Siege Tank x2, Supply Depot  
  130  8:52  Supply Depot  
  130  8:54  Supply Depot  
  130  8:55  Hellion x2  
  134  9:01  Missile Turret  
  134  9:04  Missile Turret  
  134  9:05  Missile Turret  
  134  9:07  Missile Turret  
  134  9:09  Missile Turret  
  133  9:20  SCV x3  
  133  9:21  Cyclone  
  133  9:23  Cyclone x2  
  142  9:28  Supply Depot  
  142  9:30  Hellion x3  
  146  9:31  Hellion  
  146  9:33  Terran Vehicle And Ship Armor Level 2, Terran Vehicle Weapons Level 2  
  146  9:37  Supply Depot  
  142  9:45  Starport Tech Lab  
  142  9:49  Factory x3  
  142  9:57  Cyclone, Sensor Tower  
  142  9:59  Hellion  
  149  10:00  Hellion x3  
  149  10:05  Cyclone  
  156  10:10  SCV x3  
  159  10:21  Refinery  
  159  10:23  SCV x3, Refinery  
  159  10:24  Planetary Fortress  
  160  10:33  Cyclone x2  
  164  10:37  Cyclone  
  164  10:40  Factory Tech Lab  
  163  10:44  Hellion x4  
  163  10:45  Missile Turret  
  163  10:46  Missile Turret  
  163  10:47  Missile Turret  
  167  10:53  Cyclone  
  168  11:04  Cyclone  
  171  11:05  Cyclone  
  171  11:06  Cyclone, Hellion x2  
  171  11:07  Hellion x2  
  171  11:09  Cyclone  
  188  11:12  Starport Reactor  
  188  11:18  Command Center  
  188  11:20  Neosteel Armor  
  188  11:29  Drilling Claws  
  188  11:30  Smart Servos  
  188  11:35  Cyclone  
  188  11:36  Cyclone  
  188  11:37  Cyclone  
  188  11:38  Hellion x2  
  194  11:52  Cyclone x2  
  194  11:53  Hellion  
  190  12:09  Command Center  
  190  12:11  Terran Vehicle And Ship Armor Level 3, Terran Vehicle Weapons Level 3  
  190  12:12  Command Center  
  190  12:13  Command Center  
  183  12:16  Siege Tank x2  
  183  12:17  Hellion x2  
  167  12:47  Cyclone x3, Hellion  
  167  12:48  Cyclone x2, Hellion x3  
  175  12:58  Hellion x2  
  175  13:09  Hellion x3  
  181  13:19  Cyclone x3  
  190  13:20  Cyclone  
  190  13:24  Sensor Tower  
  191  13:29  Cyclone  
  191  13:30  Hellion  
  196  13:44  Orbital Command x2  
  196  13:46  Missile Turret  
  193  13:51  Cyclone x3  
  200  14:00  Cyclone  
  199  14:04  Planetary Fortress  
  199  14:09  Command Center  
  199  14:15  Unknown  
  199  14:17  Missile Turret, Command Center  
  199  14:26  Starport x2  
  199  14:28  Cyclone  
  199  14:29  Cyclone x2  
  199  14:32  Starport Tech Lab  
  195  14:42  Cyclone  
  198  14:48  Terran Ship Weapons Level 1  
  198  14:52  Cyclone  
  190  14:53  Hellion x3  
  187  15:01  Cyclone x3  
  179  15:10  Widow Mine x2  
  183  15:14  Cyclone, Widow Mine x2  
  183  15:15  Starport Tech Lab x2, Raven  
  183  15:21  Corvid Reactor  
  176  15:24  Thor  
  182  15:29  Orbital Command  
  182  15:32  Thor  
  188  15:37  Command Center  
  188  15:39  Widow Mine x6  
  200  15:48  Starport  
  200  15:50  Starport  
  185  16:02  Raven, Thor x3  
  196  16:12  Hellion x2  
  200  16:25  Command Center  
  200  16:26  Starport Reactor  
  200  16:38  Command Center  
  200  16:58  Command Center  
  200  17:00  Command Center  
  200  17:04  Command Center  
  195  17:24  Thor  
  175  17:35  Thor x2  
  175  17:37  Terran Ship Weapons Level 2  
  179  17:38  Raven x3, Viking x3  
  179  17:39  Viking, Command Center  
  189  17:44  Thor  
  189  17:45  Orbital Command  
  195  17:57  Command Center  
  195  18:04  Thor  
  197  18:21  Sensor Tower  
  197  18:22  Missile Turret, Orbital Command  
  197  18:23  Missile Turret, Orbital Command  
  197  18:26  Planetary Fortress  
  197  18:28  Orbital Command  
  197  18:35  Missile Turret  
  197  18:40  Missile Turret  
  195  18:50  Thor  
  196  18:56  Refinery  
  196  18:57  Refinery  
  196  19:11  Planetary Fortress  
  196  19:15  Thor  
  195  19:46  Starport  
  195  19:47  Starport  
  195  19:48  Starport  
  195  19:50  Thor x2  
  195  19:51  Thor  
  199  19:56  Unknown  
  193  20:02  Terran Ship Weapons Level 3  
  193  20:04  Fusion Core  
  193  20:12  Thor  
  198  20:20  Raven  
  200  20:29  Starport Tech Lab x2  
  200  20:44  Starport Tech Lab  
  200  20:49  Missile Turret  
  194  21:03  Command Center  
  194  21:04  Thor x3  
  191  21:12  Siege Tank x2  
  191  21:13  Hellion  
  184  21:47  Siege Tank x2  
  184  21:48  Siege Tank  
  184  21:49  Cyclone x2  
  193  22:11  Hellion x3  
  193  22:17  Command Center  
  193  22:19  Thor  
  198  22:36  Siege Tank  
  198  22:38  Hellion  
  198  22:41  Command Center  
  200  22:45  Command Center  
  200  22:46  Orbital Command  
  200  22:47  Command Center  
  196  23:10  Hellion  
  196  23:11  Hellion x2  
  196  23:12  Command Center  
  160  23:26  Thor x2  
  160  23:27  Thor x3  
  186  23:38  Widow Mine x4  
  186  23:39  Widow Mine x2  
  195  24:08  Unknown  
  195  24:18  Missile Turret  
  195  24:19  Sensor Tower  
  195  24:20  Missile Turret  
  195  24:23  Thor x3  
  197  24:24  Hellion  
  197  24:28  Hellion x2  
  197  24:37  Orbital Command x2  
  199  24:38  Hellion  
  199  24:51  Command Center  
  199  24:58  Command Center  
  199  25:02  Missile Turret  
  195  25:08  Missile Turret  
  195  25:13  Missile Turret  
  195  25:15  Missile Turret  
  195  25:17  Missile Turret x2  
  195  25:18  Missile Turret  
  195  25:20  Missile Turret  
  195  25:27  Thor  
  192  25:32  Viking x3  
  192  25:33  Hellion  
  192  25:34  Hellion x3  
  183  26:08  Viking  
  173  26:21  Factory  
  173  26:22  Factory  
  173  26:23  SCV x7, Factory  
  173  26:24  Refinery  
  174  26:32  Factory  
  164  26:34  Factory x3  
  164  26:36  Factory  
  162  26:40  Viking  
  162  26:45  SCV x3  
  166  26:47  Refinery  
  165  26:55  SCV x4  
  165  26:56  SCV  
  165  27:00  Engineering Bay  
  170  27:08  Factory Tech Lab x3  
  170  27:14  Raven  
  171  27:17  Factory Tech Lab x4  
  171  27:19  Factory Tech Lab  
  167  27:24  SCV  
  167  27:25  SCV x4  
  167  27:28  Planetary Fortress  
  158  27:34  Supply Depot x2  
  158  27:35  Supply Depot x2  
  158  27:36  Supply Depot  
  156  27:41  Supply Depot x2  
  156  27:42  Supply Depot  
  156  27:43  Supply Depot x2  
  154  28:04  Missile Turret x2, SCV  
  154  28:05  Missile Turret  
  170  28:19  Supply Depot x3  
  170  28:20  Supply Depot x2  
  170  28:23  Supply Depot  
  170  28:30  Supply Depot  
  170  28:31  Supply Depot  
  170  28:33  Siege Tank x3  
  164  28:39  Siege Tank  
  164  28:40  Siege Tank  
  164  28:41  Siege Tank x3  
  136  29:05  Siege Tank  
  136  29:07  Siege Tank x2  
  145  29:11  Siege Tank  
  145  29:12  Siege Tank  
  145  29:13  Thor  
  145  29:16  Thor  
  155  29:23  SCV x2  
  148  29:35  SCV x2  
  150  29:41  Cyclone  
  150  29:42  Cyclone  
  150  29:44  Armory, Hellion x2  
  160  29:47  SCV x2  
  162  29:53  Cyclone  
  162  29:59  SCV x2  
  167  30:04  Cyclone  
  164  30:11  SCV  
  160  30:16  Cyclone x3  
  160  30:18  Orbital Command  
  169  30:23  Cyclone  
  169  30:24  Cyclone  
  174  30:34  Cyclone  
  174  30:35  Cyclone  
  168  30:41  Cyclone  
  173  30:42  Hellion  
  173  30:48  Hellion  
  173  30:49  Cyclone, Hellion  
  180  30:56  Cyclone  
  183  31:07  Cyclone x2  
  187  31:12  Hellion x3  
  187  31:13  Hellion  
  192  31:23  Cyclone x2  
  196  31:28  Cyclone  
  196  31:33  Hellion  
  196  31:34  Hellion  
  192  31:53  Cyclone x3  
  153  32:16  Hellion x4  
Tags
 
Add a new tag
Caveats
  • Supply blocks, unpowered buildings, or Contaminate may cause inaccurate times.
  • Supply counts are checked every 10 seconds.